Map: Stasis LE

Players

Lambo - Winner!

  • Race: Zerg Zerg
  • League: Grandmaster
  • Spawn Location: 11:00

Clem

  • Race: Terran Terran
  • League: Grandmaster
  • Spawn Location: 1:00

VOD

Have the link to the VOD?

Description

Time

  • Played on: Dec. 15, 2018, 1:01 p.m.
  • Length: 10:29
Show
View Real Time Build Order
Export as new Build Order

Lambo Zerg - Winner!

Build Orders: Hatch First 

Get SALT Encoding   

  12  0:01  Drone  
  13  0:13  Overlord  
  13  0:19  Drone  
  14  0:32  Drone x2  
  16  0:50  Hatchery  
  16  0:53  Drone  
  17  0:57  Drone  
  17  0:59  Drone  
  18  1:11  Extractor  
  18  1:15  Spawning Pool  
  16  1:19  Drone  
  16  1:22  Drone  
  18  1:30  Drone  
  19  1:46  Drone  
  20  1:53  Overlord  
  20  2:04  Queen x2  
  20  2:05  Zergling x4  
  26  2:12  Metabolic Boost  
  26  2:17  Drone  
  26  2:18  Drone  
  29  2:22  Drone  
  29  2:25  Drone  
  30  2:42  Hatchery  
  30  2:43  Drone  
  29  2:47  Drone  
  30  2:53  Drone  
  30  2:55  Queen  
  33  2:59  Overlord  
  33  3:03  Drone  
  34  3:05  Drone  
  35  3:17  Queen  
  35  3:18  Drone x2  
  35  3:19  Drone x2  
  41  3:25  Drone  
  41  3:26  Overlord  
  42  3:32  Drone  
  43  3:44  Queen  
  43  3:47  Drone x3  
  48  3:51  Baneling Nest, Drone x2  
  48  3:55  Queen  
  51  3:59  Drone  
  51  4:00  Overlord  
  51  4:01  Drone  
  53  4:07  Spore Crawler, Zergling x4  
  53  4:08  Zergling x2  
  55  4:13  Overlord  
  55  4:22  Overlord  
  55  4:25  Zergling x4  
  55  4:31  Queen  
  57  4:32  Overlord  
  57  4:34  Drone  
  57  4:37  Baneling x3  
  60  4:39  Baneling x3  
  60  4:41  Zergling x8  
  60  4:45  Drone x2  
  66  4:58  Drone x7  
  69  5:03  Drone  
  69  5:04  Drone x4  
  72  5:08  Drone x2  
  74  5:16  Lair  
  74  5:21  Extractor x2  
  74  5:22  Overlord  
  74  5:27  Overlord  
  72  5:30  Drone x2  
  72  5:31  Extractor  
  72  5:33  Extractor  
  72  5:36  Overlord  
  72  5:37  Evolution Chamber x2, Drone x2  
  72  5:40  Overlord  
  72  5:41  Drone  
  73  5:47  Zergling x2  
  74  5:52  Zergling x4  
  74  5:54  Drone x3  
  74  5:55  Drone x3  
  82  6:02  Drone x2  
  84  6:05  Drone x3  
  85  6:16  Drone  
  85  6:17  Drone x2  
  84  6:25  Overlord, Extractor, Hydralisk Den  
  82  6:26  Zergling x4  
  82  6:27  Zergling x6  
  82  6:28  Zerg Missile Weapons Level 1  
  82  6:30  Drone x3  
  82  6:32  Hatchery  
  89  6:33  Zerg Ground Armor Level 1  
  89  6:34  Zergling x6  
  92  6:40  Overlord  
  92  6:43  Spore Crawler  
  91  6:48  Baneling x3, Overseer  
  91  6:50  Baneling x2  
  91  6:51  Zergling x10  
  91  6:52  Zergling x4  
  98  6:55  Overseer  
  98  6:59  Baneling x3  
  98  7:00  Baneling  
  98  7:01  Baneling x2  
  96  7:02  Zergling x4  
  96  7:03  Zergling x6  
  96  7:07  Zergling x6  
  101  7:12  Zergling x2  
  101  7:13  Zergling x2  
  89  7:23  Zergling x20  
  92  7:34  Queen  
  92  7:35  Grooved Spines  
  94  7:42  Hydralisk x2  
  94  7:44  Overlord x2, Centrifical Hooks  
  98  7:45  Overlord  
  98  7:46  Queen  
  98  7:47  Hydralisk x2  
  104  7:51  Overlord  
  104  7:54  Overseer  
  104  7:57  Overlord  
  104  8:01  Queen  
  104  8:03  Overlord  
  104  8:05  Overseer  
  103  8:06  Overlord  
  103  8:07  Hydralisk x5  
  103  8:08  Hydralisk x2  
  103  8:10  Hydralisk  
  119  8:14  Hydralisk  
  119  8:16  Hydralisk  
  123  8:20  Hydralisk x2  
  123  8:25  Hydralisk x3  
  131  8:31  Hydralisk x2  
  135  8:38  Hydralisk x3  
  135  8:40  Zergling x4  
  143  8:45  Baneling x3  
  143  8:46  Muscular Augments  
  143  8:47  Overlord  
  142  8:48  Zergling x8  
  142  8:50  Overlord  
  146  8:56  Zergling x8  
  146  8:58  Baneling x3  
  146  8:59  Zergling x2  
  146  9:01  Zergling x2  
  152  9:05  Zergling x6  
  152  9:08  Zergling x4  
  152  9:09  Overseer  
  152  9:10  Zergling x4  
  152  9:16  Zergling x4  
  143  9:18  Zergling x6  
  143  9:20  Zergling x8  
  148  9:28  Zergling x4  
  143  9:33  Zergling x4  
  143  9:34  Hydralisk  
  143  9:38  Hydralisk x2  
  138  9:39  Zergling x4  
  138  9:43  Hydralisk, Overseer  
  132  9:48  Hydralisk  
  132  9:49  Hydralisk, Zergling x6  
  132  9:52  Hydralisk  
  131  9:56  Hydralisk  
  131  9:57  Hydralisk  
  133  10:01  Infestation Pit  
  133  10:04  Hydralisk x2  
Show
View Real Time Build Order
Export as new Build Order

Clem Terran 

Build Orders: Liberator Opening, Reaper Expand, Mech 

Get SALT Encoding   

  12  0:00  SCV  
  13  0:12  SCV  
  14  0:17  Supply Depot  
  14  0:25  SCV  
  15  0:37  Refinery  
  15  0:39  SCV  
  16  0:46  Barracks  
  16  0:51  SCV  
  17  1:03  SCV  
  18  1:15  SCV  
  19  1:33  Reaper, Orbital Command  
  20  1:43  Command Center  
  20  1:56  Factory  
  20  1:59  SCV  
  21  2:07  Supply Depot  
  21  2:11  SCV  
  21  2:14  Barracks Reactor  
  22  2:16  Refinery  
  22  2:23  SCV  
  23  2:35  SCV  
  24  2:48  Starport  
  24  2:55  Hellion x2  
  24  2:56  Orbital Command  
  24  2:57  SCV  
  29  2:59  Marine  
  30  3:09  SCV  
  31  3:17  Hellion  
  31  3:19  Marine  
  34  3:23  SCV x2  
  36  3:29  Supply Depot  
  36  3:35  SCV  
  36  3:38  Marine  
  36  3:39  Medivac  
  40  3:41  Armory  
  40  3:43  Hellion  
  40  3:46  Hellion  
  40  3:47  SCV  
  45  3:48  SCV  
  46  3:56  Supply Depot  
  46  3:57  Liberator  
  46  3:59  Barracks Tech Lab, SCV  
  47  4:07  Hellion  
  47  4:08  Hellion  
  54  4:22  SCV x2, Supply Depot  
  56  4:28  Hellion  
  56  4:31  Hellion  
  60  4:33  Barracks Tech Lab  
  60  4:34  SCV x2  
  62  4:46  SCV x2  
  62  4:47  Supply Depot  
  62  4:52  Hellion  
  66  4:59  SCV  
  65  5:01  SCV  
  65  5:03  Command Center  
  59  5:12  SCV  
  59  5:13  SCV, Hellion x2  
  58  5:15  Factory  
  58  5:16  Factory  
  58  5:18  Refinery  
  58  5:19  Refinery  
  58  5:20  Hellion  
  60  5:22  Terran Vehicle And Ship Armor Level 1  
  60  5:26  Hellion  
  60  5:27  SCV, Starport Tech Lab  
  63  5:29  SCV  
  64  5:39  SCV  
  65  5:44  Hellion  
  65  5:48  Cloaking Field, Banshee, Hellion  
  72  5:52  SCV  
  72  5:53  Supply Depot  
  72  5:55  SCV  
  72  5:56  Supply Depot  
  74  5:59  Mag-Field Accelerator  
  74  6:06  Cyclone  
  74  6:07  SCV  
  78  6:13  SCV  
  78  6:15  Cyclone  
  81  6:19  Hellion x2  
  81  6:22  SCV  
  81  6:24  Orbital Command  
  85  6:26  SCV  
  85  6:31  Banshee  
  89  6:34  SCV  
  89  6:35  Supply Depot  
  93  6:40  Cyclone  
  96  6:47  Cyclone  
  96  6:48  Refinery  
  96  6:50  Refinery  
  96  6:52  Orbital Command  
  96  6:54  Supply Depot  
  96  6:55  SCV  
  96  6:56  SCV  
  98  7:05  Hellion  
  98  7:06  Hellion  
  98  7:08  SCV x2  
  104  7:13  Hellion  
  94  7:19  Banshee  
  94  7:20  SCV x2  
  94  7:21  SCV  
  94  7:26  Hellion  
  94  7:27  Hellion  
  93  7:31  Siege Tank  
  93  7:32  SCV x2  
  93  7:33  SCV  
  93  7:34  Hellion  
  97  7:40  Factory  
  97  7:41  Barracks Tech Lab, Factory  
  97  7:43  Infernal Pre-Igniter  
  94  7:52  SCV x3  
  94  7:57  Supply Depot x2  
  97  8:00  Hellion x2  
  97  8:01  Cyclone  
  104  8:10  Supply Depot  
  104  8:11  Supply Depot  
  104  8:12  SCV, Supply Depot  
  105  8:13  Supply Depot  
  105  8:14  SCV  
  105  8:17  SCV  
  105  8:19  Banshee  
  110  8:23  Cyclone  
  113  8:31  Factory Tech Lab x2  
  113  8:32  Hellion x2  
  113  8:33  Cyclone  
  120  8:48  Factory  
  120  8:50  Cyclone x2  
  120  8:54  Hellion x2  
  130  8:55  Cyclone  
  133  9:06  Cyclone  
  126  9:15  Hellion x2  
  120  9:22  Cyclone x2  
  119  9:28  Cyclone  
  119  9:29  SCV  
  119  9:30  SCV  
  118  9:32  SCV  
  118  9:36  Factory Tech Lab, Hellion  
  118  9:37  Hellion  
  118  9:38  Siege Tank  
  106  9:41  SCV  
  106  9:42  SCV  
  76  9:54  Hellion, Siege Tank  
  76  9:55  SCV x2  
  76  9:58  Hellion x2  
  73  10:07  SCV x2  
Tags
 
Add a new tag
Caveats
  • Supply blocks, unpowered buildings, or Contaminate may cause inaccurate times.
  • Supply counts are checked every 10 seconds.